Map: Acropolis LE

Players

Lisandro

  • Race: Protoss Protoss
  • Spawn Location: 11:00

PengWin - Winner!

  • Race: Zerg Zerg
  • Spawn Location: 5:00

Event: 2019 WCS Summer

VOD

Have the link to the VOD?

Description

Time

  • Played on: July 12, 2019, 9:02 a.m.
  • Length: 16:29

All games in this series

Show
View Real Time Build Order
Export as new Build Order

Lisandro Protoss 

Build Orders: 1 Gate Expand, Oracle Opening, Phoenix Opening, Colossus Rush 

Get SALT Encoding   

  12  0:00  Probe  
  13  0:12  Probe  
  14  0:20  Pylon  
  14  0:24  Probe  
  15  0:35  Probe  
  15  0:39  Gateway  
  16  0:43  Probe  
  16  0:49  Assimilator  
  17  0:53  Probe  
  18  1:05  Probe  
  19  1:17  Probe  
  20  1:23  Nexus  
  20  1:33  Cybernetics Core  
  20  1:39  Assimilator  
  20  1:40  Probe  
  21  1:48  Probe, Pylon  
  22  1:56  Probe  
  22  1:59  Adept  
  23  2:07  Probe  
  26  2:18  Stargate  
  26  2:22  Probe  
  27  2:27  Warp Gate  
  27  2:31  Adept  
  27  2:32  Probe  
  27  2:34  Probe  
  31  2:46  Probe  
  31  2:49  Gateway  
  32  2:51  Probe  
  33  2:59  Probe, Oracle  
  33  3:03  Probe  
  37  3:11  Probe  
  39  3:13  Pylon  
  39  3:15  Probe  
  40  3:23  Probe  
  41  3:27  Probe  
  41  3:34  Phoenix  
  42  3:35  Probe  
  42  3:38  Robotics Facility  
  42  3:39  Probe  
  46  3:45  Pylon  
  46  3:47  Probe  
  47  3:51  Assimilator  
  47  3:52  Probe  
  47  3:53  Assimilator, Gateway  
  48  3:59  Probe  
  48  4:00  Twilight Council  
  49  4:04  Probe  
  49  4:09  Probe  
  50  4:12  Probe  
  50  4:16  Robotics Facility  
  52  4:17  Probe  
  52  4:20  Probe  
  53  4:26  Probe  
  53  4:27  Pylon  
  53  4:28  Immortal  
  59  4:34  Probe  
  60  4:39  Sentry  
  60  4:43  Pylon  
  62  4:55  Robotics Bay  
  62  4:58  Sentry  
  62  4:59  Nexus  
  64  5:01  Pylon  
  64  5:10  Immortal  
  64  5:12  Probe  
  69  5:19  Probe  
  70  5:22  Pylon  
  70  5:25  Zealot  
  70  5:28  Zealot x2  
  74  5:32  Pylon  
  74  5:33  Colossus  
  76  5:37  Colossus  
  77  5:42  Probe  
  77  5:43  Probe  
  84  5:55  Probe  
  91  6:00  Shield Battery  
  91  6:03  Extended Thermal Lance  
  91  6:06  Zealot, Shield Battery  
  93  6:11  Sentry  
  93  6:13  Probe, Shield Battery  
  96  6:21  Sentry  
  98  6:31  Probe x2  
  100  6:35  Probe  
  107  6:41  Assimilator  
  107  6:43  Assimilator, Probe  
  107  6:44  Charge, Probe  
  109  6:47  Probe  
  109  6:52  Pylon  
  110  6:55  Probe  
  110  6:56  Pylon  
  110  6:57  Probe  
  110  7:00  Probe  
  117  7:03  Phoenix, Pylon  
  117  7:10  Probe  
  110  7:16  Forge, Shield Battery  
  110  7:19  Stargate  
  110  7:20  Probe  
  110  7:21  Phoenix  
  110  7:22  Probe, Shield Battery  
  112  7:23  Shield Battery  
  112  7:26  Stalker x2  
  118  7:33  Probe  
  119  7:38  Phoenix, Pylon  
  119  7:41  Immortal  
  119  7:42  Gateway  
  119  7:44  Gateway  
  123  7:47  Colossus  
  125  7:54  Probe  
  132  7:59  Probe  
  132  8:01  Zealot, Protoss Ground Weapons Level 1  
  135  8:09  Gateway  
  135  8:10  Templar Archives  
  135  8:12  Pylon  
  135  8:14  Gateway  
  135  8:15  Gateway  
  135  8:18  Pylon  
  135  8:21  Phoenix x2  
  135  8:26  Observer  
  140  8:28  Probe x2  
  140  8:31  Pylon  
  140  8:32  Pylon  
  142  8:35  Probe  
  142  8:37  Immortal  
  147  8:49  Psionic Storm  
  147  8:50  High Templar  
  147  8:51  High Templar  
  147  8:55  Archon  
  151  8:57  Phoenix  
  151  9:00  Pylon  
  151  9:05  Phoenix, Nexus  
  151  9:06  Blink  
  151  9:07  Pylon  
  155  9:11  Pylon  
  155  9:15  Assimilator  
  155  9:17  Assimilator  
  155  9:23  Immortal  
  159  9:39  Colossus  
  159  9:43  Probe  
  166  9:49  Photon Cannon  
  166  9:51  Photon Cannon  
  166  9:54  Photon Cannon  
  166  10:00  High Templar x2  
  166  10:03  Pylon  
  166  10:06  Colossus  
  170  10:08  Stalker x3  
  170  10:10  Warp Prism  
  170  10:14  Stalker x3  
  172  10:24  Archon  
  153  10:32  Stalker x5  
  163  10:39  Photon Cannon  
  163  10:41  Photon Cannon  
  153  10:42  Photon Cannon  
  153  10:45  Photon Cannon  
  153  10:47  Stalker  
  153  10:48  Stalker, Shield Battery  
  157  10:51  Archon  
  157  11:05  Zealot x2  
  157  11:06  Zealot  
  157  11:07  High Templar x2  
  167  11:14  Archon  
  167  11:15  Stalker  
  167  11:16  Stalker x2  
  150  11:25  Probe  
  150  11:27  Zealot x3  
  145  11:43  High Templar x3  
  145  11:44  High Templar  
  145  11:45  High Templar x2  
  127  11:55  Archon x3  
  127  11:57  Photon Cannon  
  127  11:59  Photon Cannon  
  124  12:11  Stalker x2  
  123  12:18  Stalker x2  
  122  12:25  Stalker  
  123  12:42  Stalker  
  124  12:45  Probe  
  111  13:08  Archon  
Show
View Real Time Build Order
Export as new Build Order

PengWin Zerg - Winner!

Build Orders: Hatch First 

Get SALT Encoding   

  12  0:00  Drone  
  13  0:12  Overlord  
  13  0:16  Drone  
  14  0:30  Drone x2  
  14  0:34  Drone  
  17  0:51  Hatchery  
  17  0:54  Drone  
  17  0:56  Drone  
  18  1:01  Extractor  
  17  1:11  Spawning Pool  
  17  1:15  Drone  
  17  1:18  Drone  
  18  1:28  Drone  
  19  1:40  Overlord  
  19  1:51  Drone  
  20  1:59  Queen  
  20  2:00  Zergling x2  
  20  2:01  Metabolic Boost  
  23  2:04  Queen  
  26  2:08  Drone  
  26  2:14  Drone x2  
  28  2:24  Drone x2  
  30  2:39  Drone x2  
  30  2:40  Queen  
  34  2:45  Lair  
  34  2:47  Zergling x2, Extractor  
  34  2:48  Zergling x2  
  35  2:57  Overlord  
  35  3:11  Drone  
  36  3:13  Overlord  
  36  3:16  Drone x7  
  43  3:31  Spore Crawler  
  42  3:34  Drone, Spore Crawler  
  42  3:41  Drone  
  42  3:42  Drone x4  
  47  3:50  Hydralisk Den, Extractor  
  47  3:55  Drone x5  
  50  3:59  Extractor  
  49  4:13  Overlord x2  
  49  4:15  Drone  
  49  4:16  Drone x2  
  52  4:20  Grooved Spines  
  52  4:22  Overlord x2  
  52  4:27  Baneling Nest  
  50  4:41  Hydralisk x4  
  58  4:46  Hydralisk x3  
  58  4:49  Hydralisk  
  66  4:57  Drone x3  
  66  4:59  Drone  
  70  5:04  Overlord x2  
  70  5:23  Zergling x12  
  70  5:27  Zergling x8  
  80  5:32  Hatchery  
  79  5:40  Spire  
  79  5:42  Baneling x3  
  78  5:43  Baneling  
  78  5:50  Zergling x10  
  78  5:53  Baneling x3  
  78  5:54  Baneling x3  
  83  6:11  Drone, Overlord  
  83  6:12  Overlord x2  
  77  6:27  Drone x6  
  81  6:42  Muscular Augments  
  80  6:54  Mutalisk x2  
  80  6:55  Mutalisk x7  
  98  7:02  Drone x2  
  98  7:06  Extractor x2  
  98  7:08  Zerg Flyer Weapons Level 1  
  98  7:16  Drone  
  98  7:17  Drone x10  
  109  7:34  Drone x4, Overlord  
  113  7:39  Overlord x3  
  111  8:05  Spore Crawler  
  110  8:06  Corruptor  
  110  8:07  Corruptor x7  
  110  8:11  Drone  
  110  8:12  Drone x2  
  129  8:24  Mutalisk  
  129  8:25  Mutalisk x2, Hatchery  
  134  8:49  Mutalisk x4  
  134  8:50  Overlord  
  134  8:51  Overlord  
  141  9:00  Extractor  
  141  9:02  Extractor  
  139  9:07  Zerg Flyer Armor Level 1  
  139  9:14  Drone, Corruptor  
  139  9:15  Drone x8  
  150  9:24  Overlord x3  
  150  9:25  Zergling x14  
  150  9:29  Spire  
  156  9:36  Mutalisk x2  
  156  9:37  Overlord x2  
  156  9:38  Zergling x2  
  161  9:39  Queen  
  161  9:42  Burrow  
  161  9:48  Hatchery  
  160  9:56  Mutalisk  
  160  9:58  Mutalisk x3  
  168  10:00  Zergling x22  
  178  10:08  Mutalisk x3  
  184  10:24  Mutalisk x3  
  188  10:46  Mutalisk  
  188  10:47  Mutalisk x4  
  188  11:01  Mutalisk x3  
  188  11:03  Drone x3  
  188  11:04  Queen  
  178  11:23  Mutalisk x2  
  178  11:24  Mutalisk  
  172  11:32  Overlord x8  
  157  11:46  Pneumatized Carapace  
  147  12:05  Zergling x24  
  146  12:37  Hatchery  
  145  12:50  Drone  
  138  12:52  Drone x8  
  138  12:54  Drone x12  
  138  12:55  Drone x8  
  131  12:59  Drone x6  
  131  13:00  Drone  
  131  13:04  Hatchery  
  125  13:20  Drone  
  120  14:01  Hatchery  
  118  14:08  Drone x3  
  118  14:23  Drone  
  100  15:05  Drone  
  100  15:20  Drone, Hatchery  
  95  15:44  Drone x2  
  95  15:58  Hatchery  
  95  15:59  Drone  
Tags
 
Add a new tag
Caveats
  • Supply blocks, unpowered buildings, or Contaminate may cause inaccurate times.
  • Supply counts are checked every 10 seconds.